 Dungeon Crawl Stone Soup version 0.30.0-18-gc0e69614cb (webtiles) character file.

Game seed: 13745471730410519508

79 BlasphemerAmon the Trooper (level 4, -3/37 HPs)
             Began as a Formicid Chaos Knight on May 24, 2023.
             Was a Plaything of Xom.
             Slain by a gnoll
             ... wielding a +0 spear
              (7 damage)
             ... on level 2 of the Dungeon.
             The game lasted 00:02:07 (1418 turns).

BlasphemerAmon the Trooper (Formicid Chaos Knight)  Turns: 1418, Time: 00:02:07

Health: -3/37      AC: 11    Str: 16    XL:     4   Next: 64%
Magic:  4/4        EV: 11    Int: 12    God:    Xom [..*...]
Gold:   70         SH:  0    Dex: 15    Spells: 3/3 levels left

rFire   . . .        a - +0 falchion (chaos)
rCold   . . .        (no shield)
rNeg    . . .        g - +2 ring mail {Will+}
rPois   .            (helmet unavailable)
rElec   .            (no cloak)
rCorr   .            (no gloves)
SInv    +            (no boots)
Will    +....        (no amulet)
Stlth   +            f - +4 ring of protection
HPRegen 0.26/turn    (no ring)
MPRegen 0.09/turn

%: no passive effects
@: no status effects
A: permanent stasis, dig shafts and tunnels, antennae 3, four strong arms
a: Dig, Shaft Self, Renounce Religion


You were on level 2 of the Dungeon.
You worshipped Xom.
You were a toy of Xom.
You visited 1 branch of the dungeon, and saw 2 of its levels.

You collected 70 gold pieces.

Inventory:

Hand Weapons
 a - a +0 falchion of chaos (weapon)
Armour
 b - a +2 leather armour
 g - a +2 ring mail of willpower (worn)
   (You found it on level 1 of the Dungeon)
Jewellery
 e - a ring of fire {rF+, rC-}
   (You found it on level 1 of the Dungeon)
 f - a +4 ring of protection (left hand)
   (You found it on level 1 of the Dungeon)
Scrolls
 i - 3 scrolls of amnesia
Miscellaneous
 c - a piece from Xom's chessboard (14/15) (quivered)


   Skills:
 + Level 3.9 Fighting
 + Level 3.5 Long Blades
 + Level 3.0 Armour
 + Level 1.8 Dodging
 + Level 1.1 Shields


You had 3 spell levels left.
You didn't know any spells.
Your spell library was empty.

Dungeon Overview and Level Annotations

Branches:
Dungeon (2/15)

Altars:


Innate Abilities, Weirdness & Mutations

You cannot be hasted, slowed, berserked, paralysed or teleported.
You can dig through walls and to a lower floor.
You have a pair of large antennae on your head. (SInv)
Your four strong arms can wield two-handed weapons with a shield.


Message History

It was a scroll of butterflies.
The adder barely misses your butterfly. The adder misses your butterfly.
The gnoll hits your butterfly with a +0 spear!
Your butterfly dies!
Your butterfly disappears in a burst of colours!
The gnoll unwields a +0 sling.
The gnoll wields a +0 whip.
The gnoll closely misses something.
The adder bites your butterfly.
Your butterfly dies!
Your butterfly disappears in a burst of colours!
The adder bites your butterfly.
Your butterfly dies!
Your butterfly disappears in a burst of colours!
Why would you want to do that? Why would you want to do that?
The gnoll splashes around in the water.
The adder bites your butterfly.
Your butterfly dies!
Your butterfly disappears in a burst of colours!
The gnoll misses your butterfly.
The adder completely misses your butterfly.
The adder bites your butterfly.
Your butterfly dies!
Your butterfly disappears in a burst of colours!
The gnoll hits your butterfly with a +0 spear.
Your butterfly dies!
Your butterfly disappears in a burst of colours!
The adder bites your butterfly.
Your butterfly dies!
Your butterfly disappears in a burst of colours!
The adder closely misses your butterfly.
The gnoll closely misses your butterfly.
The adder bites your butterfly.
Your butterfly dies!
Your butterfly disappears in a burst of colours!
The adder closely misses your butterfly. x2
The adder bites your butterfly.
Your butterfly dies!
Your butterfly disappears in a burst of colours!
The adder barely misses your butterfly. The adder bites your butterfly.
Your butterfly dies!
Your butterfly disappears in a burst of colours!
The adder closely misses your butterfly.
The adder closely misses your butterfly.
The adder bites your butterfly.
Your butterfly dies!
Your butterfly disappears in a burst of colours!
You feel a bit more experienced.
You miss the adder. The adder barely misses you.
The adder bites you but does no damage.
You closely miss the adder. The adder bites you but does no damage.
You miss the adder. The adder barely misses you.
You closely miss the adder. The adder closely misses you.
The adder bites you but does no damage.
You barely miss the adder. The adder misses you.
You hit the adder. The adder bites you but does no damage. The adder bites you.
The adder bites you but does no damage.
You take 2 damage, and have 17/37 hp.
You hit the adder.
The adder is poisoned.
The adder closely misses you. The adder bites you but does no damage.
You slash the adder!
You kill the adder!
The adder closely misses you. x2
Your Armour skill increases to level 3!
Your Shields skill increases to level 1!
The adder attacks as you move away! The adder bites you but does no damage.
You closely miss the adder. The adder barely misses you.
The adder closely misses you.
You closely miss the adder. The adder closely misses you.
You barely miss the adder. The adder closely misses you.
The adder bites you but does no damage.
You barely miss the adder. The adder bites you but does no damage.
You slash the adder! The adder bites you.
You are poisoned.
The adder poisons you! The adder barely misses you.
You take 1 damage, and have 18/37 hp.
You closely miss the adder.
You feel sick.
The gnoll hits you from afar with a +0 spear.
The adder completely misses you.
You take 5 damage, and have 13/37 hp.
You miss the adder.
You feel sick. The adder closely misses you.
The gnoll hits you but does no damage.
You take 1 damage, and have 12/37 hp.
You hit the adder but do no damage.
You feel sick. The adder closely misses you. The gnoll closely misses you.
The adder closely misses you.
You hit the adder. Lightning courses through the adder!
You kill the adder!
You feel sick.
You are no longer poisoned.
The gnoll hits you from afar with a +0 spear.
* * * LOW HITPOINT WARNING * * *
You take 2 damage, and have 10/37 hp.
The gnoll closely misses you.
You closely miss the gnoll. The gnoll misses you.
The gnoll hits you with a +0 spear!
* * * LOW HITPOINT WARNING * * *
You take 7 damage, and have 3/37 hp.
You hit the gnoll.
The gnoll is poisoned.
The gnoll barely misses you.
You hit the gnoll but do no damage. The gnoll barely misses you.
The gnoll hits you from afar with a +0 spear!
You die...

≈≈.≈≈≈≈≈.#.# #..
♣≈~≈♣♣♣≈...# ##.>
♣≈~≈♣ ♣≈.#.# ###
♣♣♣≈~≈♣♣♣≈~#.#
≈≈b≈.≈≈≈≈≈~#.#
..ggg.{.{~...#
≈b≈≈S≈≈≈≈≈~..#
♣S{b♣♣♣≈.#.########
♣b{{♣ ♣≈~#.gg.@...#
♣♣♣≈{{♣♣♣b.########.#
≈≈≈≈.≈b≈≈≈~# #.#
~b.~~.{..~~########.#
#####..##.###..S....#
##.b..# #.#######
####.###.# #.....#
#####.#


You could see 2 gnolls.

Vanquished Creatures
  A gnoll (D:2)
  2 adders (D:2)
  A worm (D:2)
  A dart slug (D:1)
  2 bats (D:1)
  7 endoplasms (D:1 D:2)
  4 giant cockroaches (D:1)
  3 goblins (D:1)
  7 hobgoblins (D:1)
  4 jackals (D:1)
  3 kobolds (D:1)
  A ball python (D:1)
  3 frilled lizards (D:1)
  3 rats (D:1 D:2)
42 creatures vanquished.

Notes
Turn   | Place    | Note
-------+----------+-------------------------------------------
     0 | D:1      | BlasphemerAmon the Formicid Chaos Knight began the quest
                  | for the Orb.
     0 | D:1      | Reached XP level 1. HP: 18/18 MP: 1/1
    31 | D:1      | Reached skill level 1 in Dodging
    49 | D:1      | Reached XP level 2. HP: 24/24 MP: 2/2
   101 | D:1      | XOM: silly message
   249 | D:1      | HP: 12/24 [jackal (1)]
   254 | D:1      | HP: 10/24 [jackal (2)]
   259 | D:1      | HP: 7/24 [jackal (1)]
   393 | D:1      | XOM: divination: detect creatures
   425 | D:1      | Reached XP level 3. HP: 16/29 MP: 3/3
   425 | D:1      | HP: 12/29 [hobgoblin (3)]
   430 | D:1      | HP: 11/29 [hobgoblin (3)]
   435 | D:1      | HP: 10/29 [hobgoblin (1)]
   443 | D:1      | XOM: silly message
  1005 | D:1      | XOM: god gift: 12 gold pieces
  1069 | D:2      | Found a faded altar of an unknown god.
  1119 | D:2      | XOM is BORED!
  1155 | D:2      | Reached XP level 4. HP: 37/37 MP: 4/4
  1268 | D:2      | XOM: cast spell 'Summon Cactus Giant'
  1357 | D:2      | XOM: smoke on damage
  1358 | D:2      | HP: 16/37 [gnoll/+0 spear (8)]
  1401 | D:2      | HP: 17/37 [adder (2)]
  1404 | D:2      | Reached skill level 3 in Armour
  1404 | D:2      | Reached skill level 1 in Shields
  1409 | D:2      | HP: 18/37 [adder (2)]
  1415 | D:2      | HP: 3/37 [gnoll/+0 spear (7)]
  1418 | D:2      | Slain by a gnoll

Illustrated notes

Levels and vault maps discovered:
D:1:      wheals_arrival_shading, layout_loops_ring, st_stairs_3
D:2:      layout_basic, ebering_ecumenical_altar_abandoned, kennysheep_boxes

Skill      XL: |  1  2  3  4 |
---------------+-------------+-----
Dodging        | 1 |  1.8
Armour         | 3 |  3.0
Shields        | 1 |  1.1
Fighting       | |  3.9
Long Blades    | |  3.5

Action                     |  1- 3 |  4- 6 || total
---------------------------+-------+-------++-------
  Melee: Falchion          |   110 |    32 ||   142
         Punch             |     3 |       ||     3
  Evoke: Piece from Xom's  |     1 |       ||     1
    Use: Scroll            |     5 |     1 ||     6
 Armour: Leather armour    |    45 |       ||    45
         Ring mail         |    17 |    18 ||    35
  Dodge: Dodged            |    80 |    30 ||   110

Levels and vault maps discovered:
D:1:      wheals_arrival_shading, layout_loops_ring, st_stairs_3
D:2:      layout_basic, ebering_ecumenical_altar_abandoned, kennysheep_boxes

Table legend: (Time is in decaauts)
 A = Elapsed time spent in this place.
 B = Non-inter-level travel time spent in this place.
 C = Inter-level travel time spent in this place.
 D = Time resting spent in this place.
 E = Time spent auto-exploring this place.
 F = Levels seen in this place.
 G = Mean time per level.
                   A        B        C        D        E       F      G
               +--------+--------+--------+--------+--------+-----+--------+
         Total |   1438 |   1412 |     26 |     18 |   1051 |   2 |  719.0 |
       Dungeon |   1438 |   1412 |     26 |     18 |   1051 |   2 |  719.0 |
               +--------+--------+--------+--------+--------+-----+--------+

Top non-repeatable levels by time:
     D:1: 1048 daAuts
     D:2: 389 daAuts

Table legend:
 A = Kills in this place as a percentage of kills in the entire game.
 B = Kills by you in this place as a percentage of kills by you in the entire game.
 C = Kills by friends in this place as a percentage of kills by friends in the entire game.
 D = Other kills in this place as a percentage of other kills in the entire game.
 E = Experience gained in this place as a percentage of experience gained in the entire game.
 F = Experience gained in this place divided by the number of levels of this place that you have seen.
                   A       B       C       D       E      F
               +-------+-------+-------+-------+-------+----------------------
         Total | 100.0 | 100.0 |   N/A |   N/A | 100.0 |  57.0
       Dungeon | 100.0 | 100.0 |   N/A |   N/A | 100.0 |  57.0
               +-------+-------+-------+-------+-------+----------------------
